 Dungeon Crawl Stone Soup version 0.30-b1-2-g02819fbbbe (webtiles) character file.

Game seed: 7572789562176445038

15 Alarkh the Trooper (level 2, 24/24 HPs)
             Began as a Demonspawn Chaos Knight on May 20, 2023.
             Was a Plaything of Xom.
             Got out of the dungeon alive.
             The game lasted 00:00:30 (308 turns).

Alarkh the Trooper (Demonspawn Chaos Knight)         Turns: 308, Time: 00:00:30

Health: 24/24      AC:  9    Str: 12    XL:     2   Next: 34%
Magic:  2/2        EV: 11    Int: 13    God:    Xom [...*..]
Gold:   45         SH:  0    Dex: 14    Spells: 1/1 levels left

rFire   . .          .
                       - Unarmed
rCold   . . .        (no shield)
rNeg    . . .        a - +2 leather armour
rPois   .            (no helmet)
rElec   .            (no cloak)
rCorr   .            (no gloves)
SInv    .            (no boots)
Will    +....        (no amulet)
Stlth   ++           c - +4 ring of protection
HPRegen 0.24/turn    e - ring of willpower
MPRegen 0.08/turn

%: no passive effects
@: no status effects
A: thin skeletal structure 1
a: Renounce Religion


You escaped.
You worshipped Xom.
You were a favourite toy of Xom.
You visited 1 branch of the dungeon, and saw 1 of its levels.

You collected 45 gold pieces.

Inventory:

Armour
 a - a +2 leather armour (worn)
Jewellery
 c - a +4 ring of protection (left hand)
 e - a ring of willpower (right hand)
Potions
 d - 2 potions of haste {unknown}
 f - a potion of mutation {unknown}
Miscellaneous
 b - a piece from Xom's chessboard (15/15) (quivered)


   Skills:
 + Level 3.2 Fighting
 - Level 1.8 Armour
 - Level 1.0 Dodging
 * Level 3.1 Unarmed Combat


You had one spell level left.
You didn't know any spells.
Your spell library was empty.

Dungeon Overview and Level Annotations

Branches:
Dungeon (1/15)

Altars:


Innate Abilities, Weirdness & Mutations

You have a somewhat thin skeletal structure. (Dex +2, Stealth+)


Message History

You hit the kobold.
You kill the kobold!
No target in view!
No target in view!
No target in view!
No target in view!
No target in view!
No target in view!
No target in view!
You now have 45 gold pieces (gained 9).
A bat comes into view.
The bat closely misses you. The bat misses you.
You hit the bat but do no damage. The bat hits you but does no damage. x2
You hit the bat but do no damage. The bat hits you but does no damage.
The bat barely misses you. The bat hits you but does no damage.
You barely miss the bat. The bat barely misses you.
The bat hits you but does no damage. The bat closely misses you.
You hit the bat.
You kill the bat!
No target in view!
No target in view!
No target in view!
No target in view!
No target in view!
No target in view!
No target in view!
No target in view!
No target in view!
No target in view!
No target in view!
No target in view!
No target in view!
No target in view!
There is a stone staircase leading down here.
Found a long sword.
There is an open door here.
There is a staircase leading out of the dungeon here.
Are you sure you want to leave the Dungeon?
This will make you lose the game!
You have escaped!

###...# ♣.....♣
......# ♣♣.♣♣♣.♣
###...#
♣♣...P♣.♣
#...#♣♣♣P...♣♣.♣
##.##♣....⌠[P♣.♣
#.# ♣.♣P....♣.♣
#)# ♣.♣♣P♣....♣
#.# ♣P♣♣♣♣♣...♣
.. .........@♣
♣♣♣♣♣♣♣♣♣♣♣


There were no monsters in sight!

Vanquished Creatures
  2 bats (D:1)
  4 endoplasms (D:1)
  A goblin (D:1)
  3 jackals (D:1)
  A quokka (D:1)
  A kobold (D:1)
12 creatures vanquished.

Notes
Turn   | Place    | Note
-------+----------+-------------------------------------------
     0 | D:1      | Alarkh the Demonspawn Chaos Knight began the quest for the
                  | Orb.
     0 | D:1      | Reached XP level 1. HP: 18/18 MP: 1/1
    43 | D:1      | Reached skill level 1 in Dodging
    43 | D:1      | XOM: silly message
    71 | D:1      | XOM: silly message
   156 | D:1      | Gained mutation: You have a somewhat thin skeletal
                  | structure. (Dex +2, Stealth+) [demonic ancestry]
   156 | D:1      | Reached XP level 2. HP: 18/24 MP: 2/2
   308 | D:$      | Got out of the dungeon alive.

Illustrated notes

Levels and vault maps discovered:
D:1:      psy_arrival_fountain, layout_rooms, ebering_ecumenical_altar_hall

Skill      XL: |  1 |
---------------+----+-----
Dodging        | 1 |  1.0
Unarmed Combat | 3 |  3.1
Fighting       | |  3.2
Armour         | |  1.8

Action                     || total
---------------------------++-------
  Melee: Unarmed           ||    50
   Stab: Sleeping          ||     1
 Armour: Leather armour    ||    29
  Dodge: Dodged            ||    27
